 Dungeon Crawl Stone Soup version 0.30-a0-883-g5ad918d77d (webtiles) character file.

Game seed: 1113916753207667793

7 Pimp the Caller (level 2, -3/21 HPs)
             Began as a Formicid Wanderer on Mar 16, 2023.
             Slain by a quokka (4 damage)
             ... on level 1 of the Dungeon.
             The game lasted 00:00:50 (151 turns).

Pimp the Caller (Formicid Wanderer)                  Turns: 151, Time: 00:00:50

Health: -3/21      AC:  2    Str: 12    XL:     2   Next: 10%
Magic:  1/3        EV: 11    Int: 15    God:
Gold:   9          SH:  4    Dex: 13    Spells: 2/3 levels left

rFire   . . .      SeeInvis +    a - +0 dagger
rCold   . . .      Faith    .    b - +0 buckler
rNeg    . . .      Spirit   .    d - +0 robe
rPois   .          Reflect  .    (helmet unavailable)
rElec   .          Rampage  .    (no cloak)
rCorr   .                        (no gloves)
Will    .....                    (no boots)
Stlth   ++                       (no amulet)
HPRegen 0.23/turn                (no ring)
MPRegen 0.08/turn                (no ring)

@: no status effects
A: permanent stasis, dig shafts and tunnels, antennae 3, four strong arms
a: Dig, Shaft Self


You were on level 1 of the Dungeon.
You visited 1 branch of the dungeon, and saw 1 of its levels.

You collected 9 gold pieces.

Inventory:

Hand Weapons
 a - a +0 dagger (weapon)
Armour
 b - a +0 buckler (worn)
 d - a +0 robe (worn)
Scrolls
 c - 2 scrolls of fear
 f - a scroll of teleportation {unknown}
Potions
 e - a potion of attraction


   Skills:
 + Level 1.3 Fighting
 + Level 2.6 Stealth
 + Level 2.9 Shields
 + Level 1.3 Spellcasting
 + Level 4.0 Summonings


You had 2 spell levels left.
You knew the following spells:

 Your Spells              Type           Power      Damage    Failure   Level
a - Summon Small Mammal   Summ           52%        N/A       5%          1

Your spell library contained the following spells:

 Spells                   Type           Power      Damage    Failure   Level
 Call Imp                 Summ           13%        N/A       9%          2
 Animate Armour           Summ/Erth      14%        N/A       77%         4


Dungeon Overview and Level Annotations

Branches:
Dungeon (1/15)

Altars:


Innate Abilities, Weirdness & Mutations

You cannot be hasted, slowed, berserked, paralysed or teleported.
You can dig through walls and to a lower floor.
You have a pair of large antennae on your head. (SInv)
Your four strong arms can wield two-handed weapons with a shield.


Message History

You closely miss the hobgoblin.
The hobgoblin is moderately wounded.
Your bat closely misses the hobgoblin.
The hobgoblin hits you. The hobgoblin closely misses you.
The quokka misses you.
You closely miss the hobgoblin.
The hobgoblin is moderately wounded.
Your bat closely misses the hobgoblin.
The quokka closely misses you. The hobgoblin barely misses you.
The hobgoblin closely misses you. The quokka bites you.
You hit the hobgoblin but do no damage.
The hobgoblin is moderately wounded.
Your bat misses the hobgoblin. The hobgoblin hits you.
You block the hobgoblin's attack. The quokka barely misses you.
You hit the hobgoblin but do no damage.
The hobgoblin is moderately wounded.
Your bat misses the hobgoblin. The hobgoblin barely misses you.
The hobgoblin completely misses you. You block the quokka's attack.
You barely miss the hobgoblin.
The hobgoblin is moderately wounded.
Your bat hits the hobgoblin but does no damage.
The hobgoblin hits you.
The hobgoblin hits you but does no damage.
The quokka bites you.
You hit the hobgoblin but do no damage.
The hobgoblin is moderately wounded.
Your bat closely misses the hobgoblin.
The quokka barely misses you. The hobgoblin hits you.
* * * LOW HITPOINT WARNING * * *
You block the hobgoblin's attack.
Your bat closely misses the hobgoblin.
The hobgoblin hits you.
* * * LOW HITPOINT WARNING * * *
The hobgoblin hits you but does no damage.
The quokka barely misses you. The quokka bites you.
* * * LOW HITPOINT WARNING * * *
Casting: Summon Small Mammal (safe; 5% risk of failure)
Confirm with . or Enter, or press ? or * to list all spells.
The quokka barely misses you. The hobgoblin barely misses you.
The quokka bites you.
You die...

§§§.∩..⌠♣♣.♣.#
⌠.§.....⌠.♣♣.# ####
..∩.<.∩......# ...#
⌠.......⌠♣.♣.# ...
§⌠..∩..⌠§♣.♣.# ..####
§♣§...⌠♣.♣♣#.# #.#..#
♣♣§⌠.⌠♣.♣.♣#.# #.#{$#
§♣♣..♣.8§.#.####r#r.#
##
.♣♣.###......@.gg.# #
# #.#.######..# #.#..
..# # #.## #... ...
.).# #.# ##.# #.# ..
... #.


You could see a quokka, 2 hobgoblins and a friendly rat (summoned).

Vanquished Creatures
  An endoplasm (D:1)
  3 giant cockroaches (D:1)
  2 ball pythons (D:1)
  A bat (D:1)
7 creatures vanquished.

Notes
Turn   | Place    | Note
-------+----------+-------------------------------------------
     0 | D:1      | Pimp the Formicid Wanderer began the quest for the Orb.
     0 | D:1      | Pimp set off with the following items: a +0 dagger, a +0
                  | buckler, a scroll of fear, a +0 robe, a potion of
                  | attraction; and the following spell memorised: Summon Small
                  | Mammal; and the following spells available to memorise:
                  | Call Imp, Animate Armour.
     0 | D:1      | Reached XP level 1. HP: 15/15 MP: 2/2
    80 | D:1      | Reached XP level 2. HP: 21/21 MP: 3/3
   149 | D:1      | HP: 1/21 [quokka (3)]
   151 | D:1      | Slain by a quokka

Illustrated notes

Levels and vault maps discovered:
D:1:      heliophobic_arrival_enchanted_forest, layout_basic

Action                     || total
---------------------------++-------
  Melee: Dagger            ||    28
   Cast: Summon Small Mamm ||     4
   Stab: Sleeping          ||     1
 Armour: Robe              ||    11
  Dodge: Dodged            ||    22
  Block: Buckler           ||    13

Table legend: (Time is in decaauts)
 A = Elapsed time spent in this place.
 B = Non-inter-level travel time spent in this place.
 C = Inter-level travel time spent in this place.
 D = Time resting spent in this place.
 E = Time spent auto-exploring this place.
 F = Levels seen in this place.
 G = Mean time per level.
                   A        B        C        D        E       F      G
               +--------+--------+--------+--------+--------+-----+--------+
         Total |    152 |    152 |      0 |      0 |     85 |   1 |  152.0 |
       Dungeon |    152 |    152 |      0 |      0 |     85 |   1 |  152.0 |
               +--------+--------+--------+--------+--------+-----+--------+

Top non-repeatable levels by time:
     D:1: 152 daAuts
